 Dungeon Sprint DCSS version 0.30-a0-920-g7493c07aab (webtiles) character file.

Game seed: 8702241696936962926

240 dialectric the Unseen (level 5, -12/28 HPs)
             Began as a Spriggan Brigand on Mar 21, 2023.
             Mangled by a merfolk siren
             ... wielding a +0 spear
              (15 damage)
             ... in the Dungeon (Sprint II: "The Violet Keep of Menkaure").
             The game lasted 00:00:24 (49 turns).

dialectric the Unseen (Spriggan Brigand)              Turns: 49, Time: 00:00:25

Health: -12/28     AC:  3    Str:  7    XL:     5   Next: 79%
Magic:  6/6        EV: 18    Int: 13    God:
Gold:   243        SH:  0    Dex: 18    Spells: 4/4 levels left

rFire   . . .      SeeInvis +    a - +2 dagger
rCold   . . .      Faith    .    (no shield)
rNeg    . . .      Spirit   .    b - +0 robe
rPois   .          Reflect  .    (helmet restricted)
rElec   .          Rampage  .    c - +0 cloak
rCorr   .          NoTele   +    (gloves unavailable)
Will    .....                    (boots unavailable)
Stlth   ++++++                   (no amulet)
HPRegen 0.24/turn                (no ring)
MPRegen 0.10/turn                (no ring)

@: on berserk cooldown, mesmerised, slowed, quick
A: very small, no large weapons, unfitting armour, see invisible, speed 3
a: no special abilities


You were in the Dungeon.
You visited 1 branch You collected 243 gold pieces.

Inventory:

Hand Weapons
 a - a +2 dagger (weapon)
Missiles
 d - 9 poisoned darts (quivered)
 e - 3 curare-tipped darts
Armour
 b - a +0 robe (worn)
 c - a +0 cloak (worn)
Scrolls
 k - a scroll of blinking
Potions
 f - a potion of curing
 g - a potion of heal wounds
 h - a potion of haste
 i - 2 potions of magic


   Skills:
 + Level 3.4 Fighting
 + Level 5.6 Short Blades
 - Level 2.8 Throwing
 + Level 3.4 Dodging
 + Level 15.9 Stealth


You had 4 spell levels left.
You didn't know any spells.
Your spell library was empty.

Dungeon Overview and Level Annotations

Branches:
Dungeon (1/1)

Altars:


Innate Abilities, Weirdness & Mutations

You are very small and have problems with some larger weapons.
You are too small for most types of armour.
You have supernaturally acute eyesight. (SInv)
You cover ground extremely quickly. (Speed+++)


Message History

You are no longer berserk.
You are exhausted.
You feel yourself slow down. The necrophage hits you.
You feel drained.
You hit the necrophage.
You destroy the necrophage!
Your life force feels restored.
Your Stealth skill increases to level 15!
Found 243 gold pieces.
You now have 243 gold pieces.
There is an open door here.
You open the door.
A merfolk siren comes into view. It is wielding a +0 spear.
Found 243 gold pieces.
The merfolk siren shouts!
The merfolk siren hits you from afar with a +0 spear!
Ouch! That really hurt!
* * * LOW HITPOINT WARNING * * *
There is an open door, spattered with blood here.
The merfolk siren chants a haunting song.
You are mesmerised by the merfolk siren!
You hit the merfolk siren.
The merfolk siren is lightly wounded.
The merfolk siren chants its luring song.
You hit the merfolk siren.
The merfolk siren is lightly wounded.
The merfolk siren chants its luring song.
You barely miss the merfolk siren.
The merfolk siren is lightly wounded.
The merfolk siren chants its luring song.
You barely miss the merfolk siren.
The merfolk siren is lightly wounded.
The merfolk siren chants its luring song.
You hit the merfolk siren.
The merfolk siren is lightly wounded.
The merfolk siren chants its luring song.
You closely miss the merfolk siren.
The merfolk siren is lightly wounded.
The merfolk siren hits you with a +0 spear!
Ouch! That really hurt!
You die...

##
#+###.##
##.##@m.#
+.<.'$#.+
##.##...#
##'###.##
##.#.####
#..#..#
##...##
##+##


You could see a merfolk siren (mesmerising).

Vanquished Creatures
  4 necrophages (D)
4 creatures vanquished.

Notes
Turn   | Place    | Note
-------+----------+-------------------------------------------
     0 | D        | dialectric the Spriggan Brigand began the quest for the
                  | Orb.
     0 | D        | Reached XP level 1. HP: 10/10 MP: 2/2
     1 | D        | Noticed a necrophage
     1 | D        | Noticed a necrophage
     1 | D        | Noticed a necrophage
     1 | D        | Noticed a necrophage
    10 | D        | Killed a necrophage
    11 | D        | Reached skill level 11 in Stealth
    11 | D        | Reached XP level 2. HP: 16/16 MP: 3/3
    11 | D        | Reached XP level 3. HP: 19/19 MP: 4/4
    16 | D        | Killed a necrophage
    17 | D        | Reached skill level 13 in Stealth
    17 | D        | Reached XP level 4. HP: 19/23 MP: 5/5
    23 | D        | Killed a necrophage
    24 | D        | Reached skill level 5 in Short Blades
    24 | D        | Reached skill level 14 in Stealth
    24 | D        | Reached XP level 5. HP: 24/28 MP: 6/6
    30 | D        | Reached skill level 15 in Stealth
    41 | D        | Noticed a merfolk siren
    42 | D        | HP: 1/28 [merfolk siren/+0 spear (17)]
    49 | D        | Mangled by a merfolk siren

Illustrated notes

Levels and vault maps discovered:
D:        the_violet_keep_of_menkaure [sprint2_stairs_cluster_1,
          sprint2_shoproom, sprint2_temple, sprint2_basic_supplies,
          sprint2_obstacle_7, sprint2_obstacle_5, sprint2_obstacle_6,
          sprint2_obstacle_4, sprint2_obstacle_2, sprint2_timed_cluster_1,
          sprint2_smallroom_cluster_1, sprint2_smallroom_final_cluster_1,
          sprint2_transparent_cluster_1, sprint2_second_timed_cluster_1,
          sprint2_sniper_area_1, sprint2_heavy_combat_area_1,
          sprint2_mutation_trap_area_1, sprint2_forest_area_1,
          sprint2_light_combat_area_1, sprint2_behind_water_1,
          sprint2_near_end_vault_1]

Skill      XL: |  1  2  3  4  5 |
---------------+----------------+-----
Fighting       | 2 3 |  3.4
Short Blades   | 3 4 5 |  5.6
Dodging        | 2 3 |  3.4
Stealth        | 11 13 14 15 | 15.9
Throwing       | |  2.8

Action                     |  1- 3 |  4- 6 || total
---------------------------+-------+-------++-------
  Melee: Dagger            |    13 |    18 ||    31
         Punch             |       |     1 ||     1
    Use: Potion            |     1 |       ||     1
 Armour: Robe              |       |     1 ||     1
  Dodge: Dodged            |     2 |     4 ||     6

Table legend: (Time is in decaauts)
 A = Elapsed time spent in this place.
 B = Non-inter-level travel time spent in this place.
 C = Inter-level travel time spent in this place.
 D = Time resting spent in this place.
 E = Time spent auto-exploring this place.
 F = Levels seen in this place.
 G = Mean time per level.
                   A        B        C        D        E       F      G
               +--------+--------+--------+--------+--------+-----+--------+
         Total |     37 |     37 |      0 |      0 |      0 |   1 |   37.0 |
       Dungeon |     37 |     37 |      0 |      0 |      0 |   1 |   37.0 |
               +--------+--------+--------+--------+--------+-----+--------+

Top non-repeatable levels by time:
       D: 37 daAuts
